 Dungeon Crawl Stone Soup version 0.20-a0-299-gec7c366 (webtiles) character file.

224 Da5id the Ruffian (level 5, 0/38 HPs)
             Began as a Demonspawn Gladiator on Dec 15, 2016.
             Slain by a kobold (1 damage)
             ... on level 3 of the Dungeon.
             The game lasted 00:04:52 (6182 turns).

Da5id the Ruffian (Demonspawn Gladiator)            Turns: 6182, Time: 00:04:52

Health: 0/38       AC:  4    Str: 16      XL:     5   Next: 67%
Magic:  5/5        EV: 12    Int: 10      God:
Gold:   79         SH:  0    Dex: 12 (13) Spells: 4/4 levels left

rFire  . . .     SeeInvis .       - Unarmed
rCold  + + .     Gourm    .     a - +0 leather armour
rNeg   . . .     Faith    .     (no shield)
rPois  .         Spirit   .     b - +0 helmet
rElec  .         Reflect  .     (no cloak)
rCorr  .         Harm     .     (no gloves)
MR     .....                    (no boots)
Stlth  +.........               (no amulet)
                                (no ring)
                                n - ring of protection from cold

@: very slightly contaminated, hasted, drained, very quick
A: claws 1, cold resistance 1
a: no special abilities


You were on level 3 of the Dungeon.
You were near starving.

You visited 1 branch of the dungeon, and saw 3 of its levels.

You collected 79 gold pieces.

Inventory:

Missiles
 c - 3 throwing nets (quivered)
Armour
 a - a +0 leather armour (worn)
 b - a +0 helmet (worn)
 m - a +3 leather armour
Jewellery
 n - a ring of protection from cold (left claw)
Scrolls
 k - 2 scrolls of remove curse
 l - 3 scrolls of identify {unknown}
Potions
 e - a potion of haste
 f - a potion of might {unknown}
Comestibles
 d - 3 bread rations
 g - a meat ration
 i - 2 slices of pizza
 j - 2 fruits
 o - 2 beef jerkies


   Skills:
 - Level 2.0(1.6) Fighting
 - Level 1.7(1.3) Throwing
 - Level 2.6(2.2) Dodging
 + Level 5.9(5.4) Unarmed Combat


You had 4 spell levels left.
You didn't know any spells.

Dungeon Overview and Level Annotations

Branches:
Dungeon (3/15)

Altars:

Annotations:
D:2 Terence


Innate Abilities, Weirdness & Mutations

You have sharp fingernails.
Your flesh is cold resistant. (rC+)


Message History

The hobgoblin shouts!
You claw the hobgoblin!
You kill the hobgoblin!
The gnoll barely misses you.
The hobgoblin moves out of view.
The kobold throws a stone.
The stone hits you but does no damage.
The hobgoblin hits you but does no damage.
A big kobold comes into view.
The big kobold shouts!
The gnoll misses you.
There is an open door here.
You barely miss the gnoll. The kobold closely misses you.
The big kobold barely misses you. The hobgoblin barely misses you.
You claw the gnoll!
The gnoll is severely wounded.
The gnoll hits you with a spear!
* * * LOW HITPOINT WARNING * * *
The big kobold hits you.
* * * LOW HITPOINT WARNING * * *
The kobold hits you.
You die...

≈≈≈≈≈≈≈≈≈#####≈≈≈≈≈≈≈≈≈≈≈≈≈≈≈
≈≈≈≈≈≈≈≈≈# ################
≈≈≈≈≈≈≈≈≈# #...(..........#
≈≈≈≈≈≈≈≈≈# #..............(
#+##..............#
#......########.... #......#
#.... #g(....########....
#@##...).(.(..(...#
#KgK#...)))........)
#KKK#..............#
#$g.################ #####


You could see 2 big kobolds, a gnoll, 2 hobgoblins and 3 kobolds.

Vanquished Creatures
  Ijyb (D:3)
  2 gnolls (D:3)
  3 adders
  An adder skeleton (D:3)
  3 worms
  3 dart slugs
  4 leopard geckos
  4 orcs (D:3)
  8 bats
  5 giant cockroaches
  35 goblins
  26 hobgoblins
  2 jackals (D:2)
  3 kobolds
  2 quokkas
  2 frilled lizards
  10 rats
114 creatures vanquished.

Notes
Turn   | Place    | Note
-------+----------+-------------------------------------------
     0 | D:1      | Da5id the Demonspawn Gladiator began the quest for the Orb.
     0 | D:1      | Reached XP level 1. HP: 16/16 MP: 1/1
   155 | D:1      | Reached skill level 3 in Unarmed Combat
   165 | D:1      | Gained mutation: You have sharp fingernails. [demonic ancestry]
   165 | D:1      | Reached XP level 2. HP: 15/22 MP: 2/2
  1909 | D:1      | Reached XP level 3. HP: 27/27 MP: 3/3
  1941 | D:2      | Reached skill level 4 in Unarmed Combat
  2541 | D:1      | Reached XP level 4. HP: 33/33 MP: 4/4
  2793 | D:2      | Noticed Terence
  3752 | D:3      | Found a faded altar of an unknown god.
  4163 | D:3      | Reached skill level 5 in Unarmed Combat
  4182 | D:3      | Noticed Ijyb
  4219 | D:3      | Killed Ijyb
  4219 | D:3      | Gained mutation: Your flesh is cold resistant. (rC+) [demonic ancestry]
  4219 | D:3      | Reached XP level 5. HP: 18/38 MP: 5/5
  6182 | D:3      | HP: 1/38 [big kobold (4)]
  6182 | D:3      | Slain by a kobold

Vault maps used:
D:1:      minmay_arrival_widening_spiral_wide
D:2:      first_bread, uniq_terence
D:3:      minmay_goblin_kobold_castle, chequers_ecumenical_altar_simple_redux,
          uniq_iyjb

Skill      XL: |  1  2  3  4 |
---------------+-------------+-----
Unarmed Combat | 3 4 5 |  5.9
Fighting       | |  2.0
Throwing       | |  1.7
Dodging        | |  2.6

Action                   |  1- 3 |  4- 6 || total
-------------------------+-------+-------++-------
Melee: Unarmed           |   141 |   233 ||   374
       Punch             |       |     6 ||     6
  Use: Scroll            |     2 |       ||     2
       Potion            |       |     5 ||     5
 Stab: Sleeping          |       |     1 ||     1
  Eat: Chunk             |     4 |    11 ||    15
Armor: Leather armour    |    47 |    68 ||   115
Dodge: Dodged            |    71 |   156 ||   227
